 Dungeon Crawl Stone Soup version 0.29-a0-383-g8b6f518c11 (webtiles) character file.

Game seed: 189770782268072316

1 mao the Shield-Bearer (level 1, -7/20 HPs)
             Began as a Minotaur Fighter on May 6, 2022.
             Killed by nerve-wracking pain
             ... invoked by Jessica
              (8 damage)
             ... on level 2 of the Dungeon.
             The game lasted 00:01:43 (195 turns).

mao the Shield-Bearer (Minotaur Fighter)             Turns: 195, Time: 00:01:44

Health: -7/20      AC:  6    Str: 20    XL:     1   Next: 16%
Magic:  0/0        EV:  9    Int:  5    God:
Gold:   13         SH:  4    Dex:  9    Spells: 0/0 levels left

rFire   . . .      SeeInvis .   a - +0 war axe
rCold   . . .      Faith    .   c - +0 buckler
rNeg    . . .      Spirit   .   b - +0 scale mail
rPois   .          Reflect  .   (helmet restricted)
rElec   .          Harm     .   (no cloak)
rCorr   .          Rampage  .   (no gloves)
Will    .....                   (no boots)
Stlth   ..........              (no amulet)
HPRegen 0.06/turn               (no ring)
MPRegen 0.07/turn               (no ring)

@: slowed, very slow
A: horns 2, retaliatory headbutt
a: no special abilities


You were on level 2 of the Dungeon.
You visited 1 branch of the dungeon, and saw 3 of its levels.

You collected 13 gold pieces.

Inventory:

Hand Weapons
 a - a +0 war axe (weapon)
Armour
 b - a +0 scale mail (worn)
 c - a +0 buckler (worn)
Scrolls
 e - a scroll of enchant armour {unknown}
 f - a scroll of noise {unknown}
 g - a scroll of poison {unknown}
Potions
 d - a potion of might
 h - a potion of curing {unknown}


   Skills:
 + Level 3.6 Fighting
 + Level 2.4 Axes
 + Level 3.6 Armour
 + Level 3.6 Shields


You couldn't memorise any spells.
You didn't know any spells.
Your spell library was empty.

Dungeon Overview and Level Annotations

Branches:
Dungeon (3/15)

Altars:

Annotations:
D:2 Jessica


Innate Abilities, Weirdness & Mutations

You have a pair of horns on your head.
You reflexively headbutt those who attack you in melee.


Message History

Jessica blinks!
Jessica hits you with a +0 club. Jessica attacks as you move away!
Jessica closely misses you.
Jessica points at you and mumbles some strange words.
Pain shoots through your body!
Ouch! That really hurt!
Jessica attacks as you move away! Jessica barely misses you.
Jessica hits you with a +0 club.
* * * LOW HITPOINT WARNING * * *
There is a stone staircase leading down here.
Jessica hits you with a +0 club.
* * * LOW HITPOINT WARNING * * *
You climb downwards.
Found an escape hatch in the ceiling.
There is a stone staircase leading up here.
Jessica hits you with a +0 club.
* * * LOW HITPOINT WARNING * * *
Jessica casts a spell at you.
You barely resist.
You climb upwards.
There is a stone staircase leading down, spattered with blood here.
Jessica closely misses you. Jessica barely misses you.
Jessica casts a spell at you.
You barely resist. Jessica attacks as you move away! Jessica barely misses you.
Jessica mumbles some strange words.
Jessica blinks!
Jessica casts a spell at you.
You feel yourself slow down.
You barely miss Jessica.
Jessica mumbles some strange words.
Jessica blinks!
Jessica mumbles some strange words.
Jessica blinks!
You block Jessica's attack. Jessica attacks as you move away!
Jessica closely misses you. Jessica casts a spell at you.
You barely resist. Jessica gestures at you while chanting.
Pain shoots through your body!
You die...

####### #.....#
#.....####
#........#
#........###########
#...................
#.###.@.....########
#>......ยง...'...@..
#.###...@...#######
#.# #.......#
#.###.......#
#(#.####....#
#.#...#######
#.#.#.......
#.#.#.......
#....#.....
#.#..#...


You could see Jessica (fast).

Vanquished Creatures
  A hobgoblin (D:2)
1 creature vanquished.

Notes
Turn   | Place    | Note
-------+----------+-------------------------------------------
     0 | D:1      | mao the Minotaur Fighter began the quest for the Orb.
     0 | D:1      | Reached XP level 1. HP: 19/19 MP: 0/0
    25 | D:1      | You fall into a shaft and drop 1 floor!
   172 | D:2      | Noticed Jessica
   184 | D:2      | HP: 1/20 [Jessica/+0 club (5)]
   195 | D:2      | Killed from afar by Jessica

Illustrated notes

Levels and vault maps discovered:
D:1:      erik_arrival_cave_to_civilisation [erik_arrival_cave_to_hall],
          layout_loops_ring
D:2:      layout_basic, uniq_jessica
D:3:      kennysheep_goblin_castle, layout_basic, serial_shops, shop,
          grunt_ministairs_13, uniq_sigmund

Action                   || total
-------------------------++-------
Melee: War axe           ||     2
       Headbutt          ||     1
Dodge: Dodged            ||     6
Block: Buckler           ||     1

Table legend: (Time is in decaauts)
 A = Elapsed time spent in this place.
 B = Non-inter-level travel time spent in this place.
 C = Inter-level travel time spent in this place.
 D = Time resting spent in this place.
 E = Time spent auto-exploring this place.
 F = Levels seen in this place.
 G = Mean time per level.
                   A        B        C        D        E       F      G
               +--------+--------+--------+--------+--------+-----+--------+
         Total |    196 |    160 |     36 |     64 |     56 |   3 |   65.3 |
       Dungeon |    196 |    160 |     36 |     64 |     56 |   3 |   65.3 |
               +--------+--------+--------+--------+--------+-----+--------+

Top non-repeatable levels by time:
     D:2: 169 daAuts
     D:1: 25 daAuts
     D:3: 1 daAuts
